 Dungeon Crawl Stone Soup version 0.31-a0-1074-g0b22e4e0f1 (webtiles) character file.

Game seed: 13909146519007575817

48110 graki42 the Eclecticist (level 14, -2/68 HPs)
             Began as a Deep Elf Conjurer on Nov 26, 2023.
             Was a High Priest of Vehumet.
             Killed from afar by a catoblepas (6 damage)
             ... with a blast of calcifying dust
             ... on level 5 of the Lair of Beasts.
             The game lasted 01:04:16 (22546 turns).

graki42 the Eclecticist (Deep Elf Conjurer)        Turns: 22546, Time: 01:04:17

Health: -2/68      AC:  2    Str:  8    XL:     14   Next: 11%
Magic:  25/36      EV: 22    Int: 25    God:    Vehumet [*****.]
Gold:   1088       SH:  0    Dex: 13    Spells: 18/46 levels left

rFire   . . .        (no weapon)
rCold   . . .        (no shield)
rNeg    . . .        a - +0 robe
rPois   .            F - +0 hat
rElec   .            (no cloak)
rCorr   .            (no gloves)
SInv    .            (no boots)
Will    ++...        (no amulet)
Stlth   ++           D - ring of willpower
HPRegen 0.31/turn    y - ring of the Hare {EV+10}
MPRegen 0.25/turn

%: no passive effects
@: no status effects
A: no striking features
a: Renounce Religion


You were on level 5 of the Lair of Beasts.
You worshipped Vehumet.
Vehumet was extremely pleased with you.
You visited 3 branches of the dungeon, and saw 16 of its levels.
You also visited: Sewer.

You collected 1088 gold pieces.

Inventory:

Missiles
 C - 3 throwing nets
Armour
 a - a +0 robe (worn)
 F - a +0 hat (worn)
 L - a +0 pair of gloves
Magical Staves
 x - a staff of earth
Jewellery
 j - a ring of resist corrosion
 r - an amulet of faith
 y - the ring of the Hare (right hand) {EV+10}
   (You found it in a sewer)

   [ring of evasion]

   EV+10:     It affects your evasion (+10).
 D - a ring of willpower (left hand)
 P - a ring of magical power
Wands
 w - a wand of flame (69)
 z - a wand of acid (4)
 G - a wand of digging (9)
 I - a wand of charming (9)
 R - a wand of mindburst (8)
Scrolls
 f - 2 scrolls of silence
 g - 3 scrolls of fear {unknown}
 i - a scroll of revelation
 k - 4 scrolls of enchant weapon
 m - 4 scrolls of poison
 o - 3 scrolls of enchant armour
 q - 2 scrolls of vulnerability
 t - 5 scrolls of teleportation
 A - 2 scrolls of identify
 E - 5 scrolls of noise
 K - 2 scrolls of immolation
 O - 2 scrolls of acquirement {unknown}
Potions
 b - a potion of magic
 c - a potion of ambrosia {unknown}
 d - 8 potions of curing {unknown}
 e - 5 potions of heal wounds {unknown}
 h - 2 potions of brilliance {unknown}
 l - a potion of enlightenment {unknown}
 n - 4 potions of haste {unknown}
 p - 2 potions of mutation {unknown}
 s - a potion of might {unknown}
 u - 2 potions of lignification {unknown}
 v - a potion of berserk rage {unknown}
 H - a potion of attraction {unknown}
 J - 2 potions of resistance {unknown}
 M - a potion of cancellation {unknown}
 N - a potion of degeneration {unknown}
 Q - a potion of invisibility {unknown}


   Skills:
 - Level 3.0 Dodging
 - Level 3.0 Stealth
 + Level 16.5 Spellcasting
 + Level 14.4 Conjurations
 - Level 7.0 Hexes
 - Level 6.0 Translocations
 + Level 11.7 Fire Magic
 + Level 12.3 Earth Magic


You had 18 spell levels left.
You knew the following spells:

 Your Spells              Type           Power      Damage    Failure   Level
a - Magic Dart            Conj           100%       1d8       0%          1
b - Searing Ray           Conj           100%       2d8       0%          2
c - Fulminant Prism       Conj/Hex       32%        3d16      1%          4
d - Iskenderun's Mystic   Conj/Tloc      64%        2d13      1%          4
e - Fireball              Conj/Fire      36%        3d15      1%          5
f - Iskenderun's Battles  Conj           75%        2d12      1%          5
g - Orb of Destruction    Conj           37%        9d11      1%          7

Your spell library contained the following spells:

 Spells                   Type           Power      Damage    Failure   Level
 Arcjolt                  Conj/Air       27%        1d37      1%          5
 Apportation              Tloc           100%       N/A       1%          1
 Kiss of Death            Conj/Necr      100%       2d13      1%          1
 Blink                    Tloc           100%       N/A       1%          2
 Jinxbite                 Hex            100%       N/A       1%          2
 Poisonous Vapours        Pois/Air       40%        N/A       1%          2
 Confusing Touch          Hex            53%        N/A       1%          3
 Dazzling Flash           Conj/Hex       100%       N/A       1%          3
 Inner Flame              Hex/Fire       61%        N/A       1%          3
 Mephitic Cloud           Conj/Pois/Air  44%        N/A       1%          3
 Animate Armour           Summ/Erth      100%       N/A       1%          4
 Brom's Barrelling Bould  Conj/Erth      73%        2d9       1%          4
 Cause Fear               Hex            26%        N/A       1%          4
 Lee's Rapid Deconstruct  Erth           35%        3d18*     1%          5
 Bombard                  Conj/Erth      36%        9d6       1%          6
 Manifold Assault         Tloc           50%        N/A       2%          4
 Freezing Cloud           Conj/Ice/Air   22%        6-21      2%          5
 Yara's Violent Unravell  Hex/Tmut       19%        3d9       4%          5
 Conjure Ball Lightning   Conj/Air       27%        3x3d8     5%          6
 Anguish                  Hex/Necr       19%        N/A       6%          4
 Dispel Undead            Necr           20%        3d11      26%         4
 Summon Lightning Spire   Summ/Air       20%        N/A       26%         4
 Spellforged Servitor     Conj/Summ      27%        N/A       28%         7
 Alistair's Intoxication  Tmut/Pois      13%        N/A       56%         5
 Enfeeble                 Hex            26%        N/A       77%         7


Dungeon Overview and Level Annotations

Branches:
Dungeon (10/15)            Temple (1/1) D:6            Lair (5/5) D:10
 Shoals (0/4) Lair:2       Spider (0/4) Lair:2        Slime (0/5) Lair:4
    Orc (0/2) D:9           Sewer (visited)

Altars:
Ashenzari
Cheibriados
Dithmenos
Elyvilon
Fedhas
Gozag
Hepliaklqana
Kikubaaqudgha
Makhleb
Nemelex Xobeh
Okawaru
Qazlal
Ru
Sif Muna
Trog
Uskayaw
Vehumet
Wu Jian
Xom
Yredelemnul
Zin
The Shining One

Shops:
D:5 [*[![

Portals:
Abyss: D:9

Annotations:
D:9 2 transporters, gruber's ghost, novice OpVM
Lair:3 Nergalle


Message History

The catoblepas bellows!
Unknown command.
Casting: Fireball (safe; 1% risk of failure)
Confirm with . or Enter, or press ? or * to list all spells.
Aiming: Fireball (safe; 1% risk of failure)
Press: ? - help, Shift-Dir - straight line, f/p - catoblepas
Aim: a catoblepas (moderately wounded)
The fireball explodes!
The fireball engulfs the catoblepas!
The catoblepas is heavily wounded.
The catoblepas breathes a plume of calcifying dust at you.
The blast of calcifying dust hits you!
Unknown command.
You are engulfed in calcifying dust.
You are slowing down.
Your limbs are stiffening.
Casting: Fireball (safe; 1% risk of failure)
Confirm with . or Enter, or press ? or * to list all spells.
You can't see any susceptible monsters within range! (Use Z to cast anyway.)
You have turned to stone.
The catoblepas gores you!! The catoblepas gores you!! The catoblepas gores you!
The catoblepas gores you!!
* * * LOW HITPOINT WARNING * * *
The catoblepas gores you!!
* * * LOW HITPOINT WARNING * * *
You turn to flesh and can move again.
Blink to where?
Press: ? - help, Dir - move target, p - catoblepas
As you read the scroll of blinking, it crumbles to dust.
Casting: Fireball (safe; 1% risk of failure)
Confirm with . or Enter, or press ? or * to list all spells.
Aiming: Fireball (safe; 1% risk of failure)
Press: ? - help, Shift-Dir - straight line, f - catoblepas
Aim: a catoblepas (translocational energy, heavily wounded)
The fireball explodes!
The fireball engulfs the catoblepas!!
The catoblepas is severely wounded.
The catoblepas breathes a plume of calcifying dust at you.
The blast of calcifying dust hits you.
You die...

....8...............###
........)....########
..8....####### .....###
## ...### ###### #..#
...P## ####....###....
###.P# #....8........
###### #....8.....#
#.### ###.8.@..8..#
....## #.....8§8..##
.#...### ##..##..§..##
##.....###..####.§..#
###........## ##§.#####
##.###...## #.§####.#
##..# ##...# ##Y†#...#
#..## #...## #.....##
..## ##..### ##.####


There were no monsters in sight!

Vanquished Creatures
  Gastronok (D:8)
  4 hydras
  3 catoblepae
  A boulder beetle (Lair:5)
  6 death yaks (Lair:5)
  A skyshark (Lair:5)
  The ghost of MrCrawl the Firebug, a novice DrFE (D:5)
  An ugly thing (D:8)
  5 oklob plants
  3 manticores
  14 elephants
  2 black mambas
  5 cane toads
  A gargoyle (D:10)
  A rime drake (Lair:2)
  10 komodo dragons
  A troll (D:10)
  A wind drake (Lair:2)
  7 hornets
  21 blink frogs
  11 dream sheep
  3 jumping spiders (Lair:2)
  56 yaks
  A shadow (D:9)
  3 basilisks
  A wraith (D:10)
  Grum (D:8)
  5 wyverns
  2 redbacks (Lair:2)
  A steam dragon (D:8)
  Menkaure (D:6)
  A warg (D:9)
  13 water moccasins
  2 black bears
  2 orc warriors
  A sky beast (D:7)
  2 ice beasts (D:5)
  2 ogres (D:6)
  3 centaurs
  10 wolves
  The ghost of MrCrawl the Firebug, an amateur DrFE (D:4)
  2 kobold brigands
  A gnoll sergeant (D:8)
  4 scorpions
  14 bullfrogs
  8 wights (D:8)
  4 killer bees (D:7)
  3 vampire bats (Lair:3)
  2 howler monkeys
  3 electric eels
  3 hounds (D:5)
  A gnoll bouda (D:7)
  2 orc priests
  An iguana (D:5)
  4 jellies
  A sleepcap (D:6)
  6 orc wizards
  4 hell rats (Lair:5)
  13 gnolls
  12 adders
  A white imp (D:7)
  2 ufetubi (D:7)
  2 dart slugs
  34 orcs
  9 bats
  9 endoplasms
  14 giant cockroaches
  6 goblins
  4 hobgoblins
  6 jackals
  6 quokkas
  6 ball pythons
  9 frilled lizards
  20 kobolds
  4 rats
431 creatures vanquished.

Vanquished Creatures (others)
  13 fulminant prisms
13 creatures vanquished.

Grand Total: 444 creatures vanquished

Notes
Turn   | Place    | Note
-------+----------+-------------------------------------------
     0 | D:1      | graki42 the Deep Elf Conjurer began the quest for the Orb.
     0 | D:1      | Reached XP level 1. HP: 10/10 MP: 6/6
   194 | D:1      | Reached XP level 2. HP: 15/15 MP: 6/8
   197 | D:1      | Learned a level 2 spell: Searing Ray
   594 | D:1      | Reached XP level 3. HP: 19/19 MP: 5/10
   640 | D:1      | Found a faded altar of an unknown god.
  1257 | D:2      | Reached skill level 4 in Spellcasting
  1863 | D:3      | Reached skill level 5 in Conjurations
  2170 | D:3      | Reached XP level 4. HP: 24/24 MP: 9/12
  2770 | D:4      | Learned a level 4 spell: Fulminant Prism
  2776 | D:4      | Learned a level 4 spell: Iskenderun's Mystic Blast
  2779 | D:4      | Reached skill level 5 in Spellcasting
  2779 | D:4      | Reached XP level 5. HP: 27/28 MP: 5/14
  3393 | D:4      | Reached skill level 6 in Spellcasting
  3631 | D:4      | Reached XP level 6. HP: 32/32 MP: 13/17
  3836 | D:4      | Found a runed translucent door.
  3847 | D:4      | Noticed MrCrawl's ghost (amateur DrFE)
  3977 | D:4      | Reached skill level 1 in Hexes
  4130 | D:4      | Killed MrCrawl's ghost
  4131 | D:4      | Reached skill level 1 in Translocations
  4247 | D:5      | Entered Level 5 of the Dungeon
  4256 | D:5      | Reached XP level 7. HP: 29/36 MP: 14/19
  4365 | D:5      | Found a runed translucent door.
  4402 | D:5      | Found Ruat's Armour Boutique.
  4451 | D:5      | Found Bozuseaz's Armour Shop.
  4453 | D:5      | Reached skill level 7 in Spellcasting
  4604 | D:5      | Found Douroeq's Distillery.
  4647 | D:5      | Found Otuanem's Assorted Antiques.
  4890 | D:5      | Found Gocamiz's Armour Boutique.
  5359 | D:5      | Noticed MrCrawl's ghost (novice DrFE)
  5393 | D:5      | HP: 1/36 [MrCrawl's ghost (6)]
  5395 | D:5      | Killed MrCrawl's ghost
  5396 | D:5      | Reached skill level 8 in Spellcasting
  5396 | D:5      | Reached XP level 8. HP: 2/41 MP: 5/22
  5587 | D:6      | Found a staircase to the Ecumenical Temple.
  5598 | Temple   | Entered the Ecumenical Temple
  5607 | Temple   | Became a worshipper of Vehumet
  5686 | D:6      | Found a glowing drain.
  5695 | Sewer    | Entered a sewer
  5817 | Sewer    | Reached skill level 5 in Hexes
  5937 | Sewer    | Reached * piety under Vehumet
  5937 | Sewer    | Offered knowledge of Shock by Vehumet.
  6032 | Sewer    | Found the ring of the Hare {EV+10}
  6125 | Sewer    | Reached skill level 1 in Earth Magic
  6530 | D:6      | Noticed Menkaure
  6536 | D:6      | Killed Menkaure
  6537 | D:6      | Reached XP level 9. HP: 32/45 MP: 18/23
  6619 | D:6      | Reached skill level 9 in Spellcasting
  6619 | D:6      | Reached skill level 5 in Translocations
  7633 | D:7      | Offered knowledge of Kiss of Death by Vehumet.
  7642 | D:7      | Learned a level 5 spell: Fireball
  7648 | D:7      | Learned a level 5 spell: Iskenderun's Battlesphere
  7696 | D:7      | Found a white marble altar of Elyvilon.
  7854 | D:7      | Found a shimmering altar of Xom.
  7876 | D:8      | Noticed Gastronok
  7918 | D:8      | Reached ** piety under Vehumet
  8007 | D:8      | Noticed Grum
  8016 | D:8      | Killed Grum
  8017 | D:8      | Reached skill level 1 in Fire Magic
  8186 | D:8      | Found a hide-covered altar of Uskayaw.
  8274 | D:8      | Reached skill level 10 in Spellcasting
  8403 | D:8      | Killed Gastronok
  8404 | D:8      | Reached skill level 5 in Earth Magic
  8404 | D:8      | Reached XP level 10. HP: 15/50 MP: 17/26
  8710 | D:8      | Noticed a green ugly thing
  8717 | D:8      | Killed a green ugly thing
  8718 | D:8      | Reached skill level 11 in Spellcasting
  8718 | D:8      | Reached skill level 10 in Conjurations
  8865 | D:8      | Offered knowledge of Volatile Blastmotes by Vehumet.
  9417 | D:8      | Reached *** piety under Vehumet
  9854 | D:9      | Found a one-way gate to the infinite horrors of the Abyss.
  9854 | D:9      | Noticed gruber's ghost (novice OpVM)
  9854 | D:9      | Noticed a skeletal warrior
  9864 | D:9      | Found a transporter.
  9868 | D:9      | Noticed a harpy
  9884 | D:9      | Found a staircase to the Orcish Mines.
  9887 | D:9      | Reached skill level 5 in Fire Magic
  9958 | D:9      | Noticed a worldbinder
 10125 | D:9      | Learned a level 7 spell: Orb of Destruction
 10125 | D:9      | Found a transporter.
 10134 | D:9      | Noticed an arcanist
 10136 | D:9      | Noticed a toenail golem
 10546 | D:9      | Offered knowledge of Flame Wave by Vehumet.
 10754 | D:9      | Noticed a deep troll
 10803 | D:10     | Entered Level 10 of the Dungeon
 11017 | D:10     | Reached XP level 11. HP: 54/54 MP: 18/28
 11277 | D:10     | Reached skill level 12 in Spellcasting
 11304 | D:9      | Reached **** piety under Vehumet
 11425 | D:9      | Noticed a wolf spider
 12012 | D:10     | Found a staircase to the Lair.
 12673 | Lair:1   | Entered Level 1 of the Lair of Beasts
 13220 | Lair:1   | Offered knowledge of Irradiate by Vehumet.
 13575 | Lair:1   | Reached skill level 13 in Spellcasting
 14377 | Lair:1   | Reached XP level 12. HP: 59/59 MP: 20/31
 15381 | Lair:2   | Found a staircase to the Shoals.
 15700 | Lair:2   | Reached ***** piety under Vehumet
 15701 | Lair:2   | Reached skill level 14 in Spellcasting
 15701 | Lair:2   | Offered knowledge of Starburst by Vehumet.
 16288 | Lair:2   | Found a hole to the Spider Nest.
 16559 | Lair:3   | Noticed a catoblepas
 16562 | Lair:3   | Killed a catoblepas
 16563 | Lair:3   | Reached skill level 10 in Earth Magic
 16903 | Lair:3   | Noticed Nergalle
 17882 | Lair:3   | Noticed a six-headed hydra
 17890 | Lair:3   | Killed a six-headed hydra
 18221 | Lair:4   | Reached XP level 13. HP: 63/63 MP: 12/33
 18242 | Lair:4   | Reached skill level 10 in Fire Magic
 18261 | Lair:4   | HP: 3/63 [poisoned by a cane toad]
 18555 | Lair:4   | Reached skill level 15 in Spellcasting
 19637 | Lair:4   | Found a staircase to the Slime Pits.
 19785 | Lair:5   | Entered Level 5 of the Lair of Beasts
 21051 | Lair:5   | Reached skill level 16 in Spellcasting
 22313 | Lair:5   | Reached XP level 14. HP: 68/68 MP: 25/36
 22364 | Lair:5   | Offered knowledge of Arcjolt by Vehumet.
 22544 | Lair:5   | HP: 3/68 [catoblepas (14)]
 22546 | Lair:5   | Killed from afar by a catoblepas

Illustrated notes

Levels and vault maps discovered:
D:1:      mrwooster_arrival_statue, layout_basic,
          shapermc_ecumenical_altar_mp_vishouse
D:2:      layout_basic
D:3:      layout_loops_ring
D:4:      layout_loops_corners, ebering_ghost_reflecting_pool,
          kennysheep_generic_room_2
D:5:      layout_gridville, ebering_ghost_reflecting_pool, serial_shops,
          nicolae_shop_rolling_square, nicolae_shop_crystal, shop,
          nicolae_shop_hallway_stairs, nicolae_shop_competitors_out_of_business,
          serial_bayou_lake_a
D:6:      layout_loops_ring, temple_pool_b, gup_sewer_entry_pipe, uniq_menkaure
D:7:      layout_gridville, mainiacjoe_overflow_big_doors
D:8:      layout_basic, mainiacjoe_overflow_surrounded_room, uniq_gastronok,
          uniq_grum
D:9:      layout_basic, david_orc_3, gammafunk_ghost_abyssal_escape
D:10:     layout_grid_maze, grunt_lair_entry_orc_guard_hut
Temple:   hellmonk_temple_of_storms
Lair:1:   layout_regular_city, disabler_island, grunt_megastairs_5
Lair:2:   layout_misc_corridors, minmay_shoals_entry_beasts,
          spider_nest_entry_a, infiniplex_staircase_pool
Lair:3:   layout_cave_pods, serial_forest, infiniplex_forest_lined_room_2,
          infiniplex_forest_clump_small, infiniplex_forest_clump_curved,
          infiniplex_forest_clump_small, infiniplex_forest_corner_1,
          infiniplex_forest_zigzag_1, infiniplex_forest_straight_4,
          infiniplex_forest_lined_4_way, roderic_batcave, serial_bayou_shore_a,
          serial_bayou_shore_b, uniq_nergalle
Lair:4:   layout_regular_city, minmay_slime_entry_oklob_enclosed,
          grunt_megastairs_1
Lair:5:   evilmike_catoblepas_cave, layout_regular_city, st_stairs_7,
          chequers_serial_rivers_large_a, dreamdust_wasp_nest,
          infiniplex_staircase_pool_2

Skill      XL: |  1  2  3  4  5  6  7  8  9 10 11 12 13 |
---------------+----------------------------------------+-----
Dodging        | 3 |  3.0
Stealth        | 3 |  3.0
Spellcasting   | 4 5 6 8 10 11 13 14 16 | 16.5
Conjurations   | 5 6 7 8 9 10 11 13 14 | 14.4
Hexes          | 2 4 6 7 |  7.0
Translocations | 1 4 6 |  6.0
Earth Magic    | 2 5 6 9 10 12 | 12.3
Fire Magic     | 3 5 8 9 11 | 11.7

Action                     |  1- 3 |  4- 6 |  7- 9 | 10-12 | 13-15 || total
---------------------------+-------+-------+-------+-------+-------++-------
   Cast: Magic Dart        |    49 |    62 |    62 |    46 |     7 ||   226
         Searing Ray       |     6 |    18 |    65 |    22 |     7 ||   118
         Fulminant Prism   |       |       |     4 |     8 |     1 ||    13
         Iskenderun's Myst |       |       |     3 |    45 |    23 ||    71
         Iskenderun's Batt |       |       |     1 |     5 |     2 ||     8
         Fireball          |       |       |       |   169 |   109 ||   278
         Orb of Destructio |       |       |       |    13 |     9 ||    22
  Evoke: Wand              |       |       |       |     1 |     2 ||     3
    Use: Scroll            |       |       |     9 |     6 |     2 ||    17
         Potion            |       |       |       |     1 |       ||     1
 Armour: Robe              |     6 |     9 |    38 |    38 |    31 ||   122
  Dodge: Dodged            |     5 |     9 |    74 |    65 |    29 ||   182

Table legend: (Time is in decaauts)
 A = Elapsed time spent in this place.
 B = Non-inter-level travel time spent in this place.
 C = Inter-level travel time spent in this place.
 D = Time resting spent in this place.
 E = Time spent auto-exploring this place.
 F = Levels seen in this place.
 G = Mean time per level.
                   A        B        C        D        E       F      G
               +--------+--------+--------+--------+--------+-----+--------+
         Total |  22670 |  22229 |    441 |   5593 |  14194 |  17 | 1333.5 |
       Dungeon |  13119 |  12786 |    333 |   2538 |   8978 |  10 | 1311.9 |
        Temple |     18 |     18 |      0 |      0 |      0 |   1 |   18.0 |
          Lair |   9043 |   8936 |    107 |   3055 |   4827 |   5 | 1808.6 |
         Sewer |    488 |    488 |      0 |      0 |    388 |   1 |  488.0 |
               +--------+--------+--------+--------+--------+-----+--------+

Top non-repeatable levels by time:
  Lair:5: 2220 daAuts
  Lair:4: 2147 daAuts
    D:10: 2131 daAuts
     D:8: 1804 daAuts
  Lair:1: 1640 daAuts
     D:9: 1591 daAuts
  Lair:3: 1570 daAuts
     D:4: 1503 daAuts
  Lair:2: 1464 daAuts
     D:5: 1371 daAuts
     D:1: 1108 daAuts
     D:7: 1102 daAuts
     D:3: 927 daAuts
     D:6: 871 daAuts
     D:2: 707 daAuts
